Map: Persephone LE

Players

HeroMarine - Winner!

  • Race: Terran Terran
  • Spawn Location: 7:00

Lambo

  • Race: Zerg Zerg
  • Spawn Location: 11:00

Event: Esports World Cup 2025

VOD

Have the link to the VOD?

Description

Time

  • Played on: July 22, 2025, 8:57 a.m.
  • Length: 13:41

All games in this series

Show
View Real Time Build Order
Export as new Build Order

HeroMarine Terran - Winner!

Build Orders: Reaper Expand, Hellion Banshee 

Get SALT Encoding   

  12  0:00  SCV  
  13  0:12  SCV  
  14  0:16  Supply Depot  
  14  0:24  SCV  
  15  0:38  SCV  
  15  0:39  Barracks  
  16  0:43  Refinery  
  16  0:50  SCV  
  17  1:02  SCV  
  18  1:14  SCV  
  19  1:26  Orbital Command, Reaper  
  20  1:38  Command Center  
  20  1:47  Supply Depot  
  20  1:52  SCV  
  21  1:58  Marine  
  22  2:04  SCV  
  23  2:10  Factory  
  23  2:16  SCV  
  23  2:22  Barracks Reactor  
  24  2:28  SCV  
  25  2:37  Command Center  
  25  2:40  SCV  
  26  2:52  Orbital Command, SCV  
  27  3:01  Starport  
  27  3:04  SCV  
  28  3:05  Refinery  
  28  3:07  Hellion  
  28  3:10  Hellion  
  32  3:16  SCV  
  32  3:17  Barracks Tech Lab, SCV  
  34  3:28  Hellion, SCV  
  34  3:29  SCV  
  34  3:32  Hellion  
  40  3:41  SCV  
  41  3:42  SCV  
  41  3:43  Banshee, Marine  
  46  3:51  Hellion  
  46  3:53  Hellion  
  48  3:57  SCV  
  48  3:59  Orbital Command  
  48  4:00  SCV  
  44  4:09  SCV  
  42  4:12  SCV  
  43  4:20  Cloaking Field  
  43  4:21  SCV  
  44  4:25  Marine  
  44  4:27  SCV  
  47  4:33  SCV  
  47  4:35  Banshee  
  47  4:36  Supply Depot  
  47  4:37  SCV  
  51  4:39  SCV  
  51  4:45  SCV  
  52  4:48  Hellion  
  52  4:49  SCV  
  52  4:52  SCV  
  54  4:55  Hellion  
  54  4:57  SCV  
  57  5:01  SCV  
  57  5:06  SCV  
  55  5:09  SCV  
  55  5:13  SCV  
  55  5:18  Banshee  
  55  5:19  SCV  
  56  5:23  SCV  
  56  5:24  Supply Depot  
  56  5:25  SCV  
  56  5:26  Hellion x2  
  62  5:29  Hyperflight Rotors  
  62  5:30  Refinery  
  62  5:31  Refinery  
  62  5:35  Factory  
  63  5:37  Factory, SCV x2  
  63  5:39  Orbital Command  
  64  5:47  Supply Depot  
  64  5:48  Hellion x2  
  64  5:49  SCV  
  70  5:50  SCV  
  70  6:01  SCV  
  70  6:02  SCV  
  70  6:03  Banshee  
  75  6:06  SCV  
  75  6:09  Hellion x2  
  80  6:13  SCV  
  80  6:14  SCV  
  80  6:15  Supply Depot  
  80  6:16  Supply Depot  
  80  6:18  SCV  
  83  6:22  Factory Tech Lab  
  83  6:23  Factory Tech Lab  
  83  6:25  SCV  
  84  6:26  Factory, SCV  
  84  6:30  Factory  
  85  6:37  SCV x2  
  85  6:38  SCV  
  85  6:39  Hellion  
  92  6:40  Hellion  
  92  6:49  Cyclone x2, SCV x2  
  92  6:50  SCV  
  92  6:52  Refinery x2  
  97  6:55  Supply Depot  
  97  6:56  Infernal Pre-Igniter  
  97  6:57  Supply Depot  
  97  7:01  SCV x2  
  97  7:02  SCV  
  100  7:08  Supply Depot  
  100  7:10  Supply Depot  
  100  7:13  Factory Reactor, Factory Tech Lab  
  100  7:15  Mag-Field Accelerator  
  101  7:17  Hellion, Supply Depot, Armory  
  101  7:19  SCV x3  
  105  7:26  Cyclone  
  108  7:31  SCV x2  
  108  7:32  Cyclone  
  108  7:34  SCV  
  114  7:41  Cyclone  
  114  7:42  Hellion x2  
  123  7:48  Engineering Bay  
  123  7:49  SCV  
  123  7:51  SCV  
  123  7:52  Command Center, SCV  
  123  7:58  Hellion x2  
  128  8:01  SCV  
  128  8:04  Cyclone x2  
  131  8:09  Hellion x2  
  131  8:11  Factory  
  135  8:14  Starport Reactor  
  138  8:20  Supply Depot  
  138  8:21  Terran Vehicle Weapons Level 1  
  138  8:22  Missile Turret, Sensor Tower  
  138  8:25  Hellion  
  138  8:26  Hellion  
  142  8:30  Hellion  
  142  8:32  Supply Depot  
  144  8:38  SCV x3  
  144  8:40  Siege Tank x2  
  144  8:41  Hellion, Siege Tank  
  139  8:47  Hellion x2  
  143  8:52  Hellion  
  145  8:59  Siege Tank  
  150  9:03  Hellion  
  150  9:04  SCV x2  
  150  9:05  SCV  
  150  9:08  Hellion x2  
  157  9:12  Siege Tank  
  157  9:13  Cyclone, Siege Tank  
  157  9:14  Medivac  
  157  9:15  Hellion, Supply Depot, Medivac  
  172  9:30  Hellion x3  
  178  9:37  Hellion, Siege Tank  
  183  9:39  Refinery, Planetary Fortress  
  183  9:41  Refinery  
  183  9:45  Siege Tank  
  182  9:49  Cyclone  
  182  9:50  Hellion  
  182  9:52  Hellion x2  
  167  9:55  Hellion  
  167  9:58  Hellion, Medivac x2  
  164  10:09  Siege Tank  
  164  10:12  Hellion, SCV x3  
  164  10:13  Hellion  
  164  10:14  Hellion  
  149  10:16  Hellion  
  149  10:17  Hellion, SCV  
  149  10:20  Terran Vehicle Weapons Level 2  
  154  10:23  Armory  
  154  10:24  SCV x3  
  154  10:28  Cyclone  
  159  10:29  SCV  
  159  10:31  Hellion  
  159  10:34  Medivac x2  
  166  10:39  Cyclone  
  169  10:44  Missile Turret, Sensor Tower  
  169  10:46  Cyclone  
  169  10:48  Smart Servos  
  172  10:50  Hellion  
  172  10:52  Hellion  
  172  10:55  Hellion  
  178  11:00  Cyclone  
  178  11:03  Cyclone  
  184  11:06  Factory  
  184  11:07  Supply Depot  
  184  11:12  Cyclone  
  187  11:20  Terran Vehicle And Ship Armor Level 1  
  187  11:27  Cyclone  
  187  11:28  Hellion x2  
  187  11:32  Hellion x2, Cyclone  
  175  11:35  Cyclone  
  175  11:39  Liberator  
  163  11:44  Cyclone  
  148  11:49  Hellion x2  
  148  11:53  Hellion x2  
  153  12:00  Hellion, Liberator  
  143  12:04  Cyclone  
  143  12:07  Cyclone  
  143  12:11  Hellion x2, Command Center  
  143  12:12  Factory Tech Lab  
  143  12:15  Factory  
  147  12:16  Siege Tank  
  147  12:21  Cyclone  
  153  12:24  Hellion  
  153  12:25  Hellion  
  157  12:32  Hellion x2  
  157  12:33  Cyclone  
  157  12:36  Cyclone  
  161  12:39  Cyclone  
  161  12:43  Viking  
  166  12:45  Viking, Hellion  
  166  12:47  Hellion  
  166  12:48  Cyclone  
  165  12:53  Cyclone  
  165  12:54  Hellion  
  170  13:01  Factory Tech Lab  
  170  13:02  Hellion  
  170  13:05  Siege Tank  
  175  13:07  Hellion  
  175  13:08  Cyclone  
  175  13:09  Hellion  
  177  13:15  Hellion  
Show
View Real Time Build Order
Export as new Build Order

Lambo Zerg 

Build Orders: Hatch First 

Get SALT Encoding   

  12  0:00  Drone  
  13  0:08  Drone  
  14  0:14  Extractor  
  14  0:15  Drone  
  15  0:21  Overlord  
  15  0:39  Drone  
  16  0:45  Hatchery  
  16  0:49  Drone  
  16  0:52  Drone  
  16  0:56  Drone  
  18  1:06  Extractor  
  18  1:11  Spawning Pool  
  16  1:14  Drone  
  16  1:17  Drone  
  18  1:26  Drone  
  19  1:37  Drone  
  20  1:47  Drone  
  21  1:57  Queen x2  
  21  1:58  Zergling x2  
  21  1:59  Zergling x2  
  28  2:08  Drone  
  28  2:09  Overlord  
  28  2:10  Metabolic Boost  
  28  2:27  Spore Crawler  
  27  2:30  Drone x3  
  27  2:31  Drone  
  31  2:37  Hatchery  
  31  2:41  Drone  
  31  2:45  Overlord  
  31  2:51  Drone  
  32  2:53  Drone  
  33  3:01  Drone  
  33  3:04  Overlord  
  34  3:07  Zergling x10  
  34  3:10  Zergling x2  
  40  3:17  Zergling x4  
  42  3:20  Queen  
  44  3:32  Zergling x4  
  46  3:37  Drone x6  
  52  3:42  Overlord  
  52  3:49  Drone x2  
  54  3:55  Drone  
  54  4:00  Drone x2  
  53  4:03  Drone  
  53  4:06  Queen x2  
  54  4:13  Drone x6  
  54  4:15  Extractor  
  59  4:21  Zergling x2  
  60  4:26  Queen  
  60  4:28  Zergling x4  
  63  4:33  Spore Crawler  
  63  4:35  Drone x3  
  63  4:36  Overlord  
  63  4:37  Overlord  
  65  4:38  Overlord  
  65  4:44  Zergling x2  
  65  4:51  Overlord  
  65  4:52  Overlord, Spore Crawler x2  
  62  4:56  Evolution Chamber  
  62  4:58  Zergling x8  
  62  5:08  Lair  
  62  5:09  Drone x5  
  66  5:16  Drone x6  
  70  5:24  Drone  
  70  5:26  Drone  
  70  5:27  Evolution Chamber  
  71  5:32  Drone  
  71  5:34  Extractor x2  
  70  5:38  Hatchery  
  70  5:39  Drone x5  
  70  5:40  Drone x2  
  76  5:47  Evolution Chamber  
  75  5:50  Drone x7  
  75  5:55  Baneling Nest  
  79  5:59  Queen  
  79  6:01  Zergling x4  
  82  6:08  Overseer  
  82  6:10  Drone x8  
  90  6:13  Zerg Ground Armor Level 1  
  90  6:15  Zerg Melee Weapons Level 1  
  90  6:18  Drone x3  
  92  6:24  Drone x3  
  95  6:27  Extractor  
  95  6:28  Hydralisk Den  
  95  6:30  Zergling x4  
  95  6:37  Zergling x8  
  95  6:41  Zergling x6  
  95  6:43  Evolution Chamber  
  95  6:45  Evolution Chamber  
  95  6:49  Zergling x2  
  95  6:50  Zergling x10  
  95  6:51  Spore Crawler  
  95  6:54  Extractor x2  
  97  6:57  Muscular Augments  
  97  7:00  Zergling x8  
  101  7:04  Centrifugal Hooks  
  101  7:05  Drone x3  
  104  7:09  Overlord  
  104  7:10  Overlord x2  
  105  7:15  Overlord  
  105  7:18  Overseer  
  105  7:28  Hydralisk x9  
  120  7:36  Hydralisk x2  
  117  7:44  Hydralisk x2  
  117  7:46  Overlord  
  117  7:48  Zergling x16  
  117  7:49  Overseer  
  129  7:51  Drone x2  
  129  7:57  Hydralisk x2  
  135  8:01  Grooved Spines  
  135  8:02  Zergling x4  
  134  8:06  Drone, Queen  
  134  8:10  Zergling x8  
  141  8:14  Zergling x4  
  141  8:18  Overlord  
  143  8:20  Overlord, Zerg Missile Weapons Level 1  
  143  8:22  Overlord  
  143  8:23  Overlord x2  
  137  8:36  Hydralisk x4  
  139  8:41  Zergling x16  
  139  8:42  Overseer  
  139  8:48  Zergling x2  
  148  8:55  Evolution Chamber  
  144  8:58  Zergling x22  
  144  9:01  Zergling x2  
  150  9:04  Hatchery  
  150  9:06  Zergling x8  
  152  9:10  Zergling x2  
  152  9:14  Baneling x10  
  152  9:15  Zergling x6  
  156  9:17  Baneling x8  
  156  9:20  Drone x4  
  160  9:24  Zergling x2  
  160  9:25  Baneling x10  
  160  9:27  Zergling x2, Baneling x2  
  161  9:31  Zergling x6  
  161  9:34  Zergling x6  
  161  9:37  Zergling x6  
  170  9:40  Zergling x6  
  170  9:45  Zergling x6  
  146  9:53  Zergling x8  
  146  9:56  Zergling x8  
  146  9:57  Infestation Pit  
  148  10:05  Zergling x14  
  144  10:08  Hydralisk  
  144  10:12  Hydralisk  
  120  10:17  Drone x6  
  120  10:19  Zerg Melee Weapons Level 2, Zerg Missile Weapons Level 2  
  120  10:21  Drone  
  126  10:24  Drone x4  
  130  10:30  Drone x3  
  130  10:35  Hydralisk x3  
  139  10:36  Spore Crawler  
  139  10:37  Hydralisk  
  139  10:40  Hive  
  139  10:41  Pneumatized Carapace  
  141  10:42  Drone  
  141  10:48  Hydralisk x3  
  141  10:49  Hydralisk  
  147  10:53  Drone x2  
  147  10:56  Hydralisk x2  
  151  10:57  Extractor  
  151  10:59  Zergling x6  
  151  11:00  Zergling x2  
  151  11:02  Hydralisk x2  
  162  11:09  Zergling x14  
  167  11:11  Zergling x2  
  167  11:12  Zergling x2  
  167  11:13  Baneling x2, Extractor  
  167  11:14  Zergling x2  
  167  11:16  Zergling x6  
  172  11:18  Baneling  
  172  11:19  Baneling x5  
  172  11:20  Zergling x2  
  172  11:24  Baneling x8  
  148  11:34  Zergling x26  
  148  11:36  Zergling x2  
  148  11:39  Zergling x2  
  144  11:42  Hydralisk x4  
  144  11:43  Zergling x2  
  144  11:44  Zergling x4  
  144  11:46  Zergling x2  
  137  11:49  Zergling x2  
  137  11:50  Zergling x8  
  137  11:51  Zergling x2  
  135  11:56  Hydralisk  
  135  11:58  Hydralisk  
  135  11:59  Hydralisk x2  
  127  12:04  Zergling x2  
  127  12:06  Adrenal Glands  
  127  12:08  Viper  
  127  12:09  Hydralisk x2  
  127  12:10  Baneling x6  
  127  12:14  Hatchery  
  133  12:16  Zergling x4  
  133  12:19  Zergling x8  
  139  12:23  Hydralisk x2  
  139  12:24  Zergling x2  
  139  12:28  Hydralisk x2  
  146  12:33  Viper  
  146  12:36  Zergling x2  
  146  12:37  Zergling x6  
  148  12:41  Queen  
  148  12:49  Zergling x2  
  148  12:50  Zergling x8  
  147  12:52  Zergling x2  
  147  12:53  Zergling x2  
  147  12:54  Zergling x2  
  147  13:00  Overlord  
  147  13:04  Overlord  
  146  13:08  Overlord x2  
  146  13:10  Hydralisk x4  
  140  13:14  Hydralisk x2  
  140  13:17  Hydralisk  
Tags
 
Add a new tag
Caveats
  • Supply blocks, unpowered buildings, or Contaminate may cause inaccurate times.
  • Supply counts are checked every 10 seconds.